 Dungeon Crawl Stone Soup version 0.32-a0-685-g93135e86f0 (webtiles) character file.

Game seed: 4347859675724506985

683 Yoho the Cleaver (level 7, -1/58 HPs)
             Began as a Minotaur Fighter on Mar 12, 2024.
             Succumbed to a water moccasin's poison
             ... on level 5 of the Dungeon.
             The game lasted 00:34:09 (3694 turns).

Yoho the Cleaver (Minotaur Fighter)                 Turns: 3694, Time: 00:34:09

Health: -1/58      AC:  9    Str: 22    XL:     7   Next: 35%
Magic:  6/6        EV:  8    Int:  5    God:
Gold:   185        SH:  4    Dex: 10    Spells: 6/6 levels left

rFire   . . .        a - +0 war axe
rCold   . . .        c - +0 buckler
rNeg    . . .        v - +0 chain mail
rPois   .            (helmet restricted)
rElec   .            (no cloak)
rCorr   .            (no gloves)
SInv    +            (no boots)
Will    .....        (no amulet) Stlth
                     t - ring of see invisible
HPRegen 0.29/turn    (no ring)
MPRegen 0.10/turn

%: no passive effects
@: lethally poisoned (-1 -> -10)
A: horns 2, retaliatory headbutt
a: no special abilities


You were on level 5 of the Dungeon.
You visited 1 branch of the dungeon, and saw 5 of its levels.

You collected 185 gold pieces.

Inventory:

Hand Weapons
 a - a +0 war axe (weapon)
 l - a +1 antimagic short sword
 n - a +1 dagger of venom
 u - a +0 flail of protection
 y - a +0 war axe
 A - a +0 sling
 C - a +0 broad axe
Missiles
 i - 36 stones (quivered)
Armour
 b - a +0 scale mail
 c - a +0 buckler (worn)
 m - a +0 chain mail
 v - a +0 chain mail (worn)
 E - a +0 scale mail
Magical Staves
 p - a staff of conjuration
Jewellery
 t - a ring of see invisible (left hand)
 G - a ring of protection from fire
Talismans
 q - a serpent talisman
 r - a serpent talisman
 w - a serpent talisman
 F - a flux talisman
Scrolls
 e - a scroll of vulnerability {unknown}
 f - 2 scrolls of immolation {unknown}
 j - a scroll of fear {unknown}
 o - a scroll of brand weapon {unknown}
 s - a scroll of revelation {unknown}
 x - 7 scrolls of identify {unknown}
 z - 2 scrolls of teleportation {unknown}
Potions
 d - 3 potions of might
 g - a potion of curing {unknown}
 h - a potion of lignification {unknown}
 k - a potion of degeneration {unknown}
 B - a potion of attraction {unknown}
 D - a potion of enlightenment {unknown}


   Skills:
 - Level 3.7 Fighting
 + Level 9.7 Axes
 - Level 3.9 Armour
 - Level 0.2 Dodging
 - Level 3.9 Shields


You had 6 spell levels left.
You didn't know any spells.
Your spell library contained the following spells:

 Spells                   Type           Power      Damage    Failure   Level
 Freeze                   Ice            0%         1d3       99%         1
 Summon Small Mammal      Summ           0%         N/A       99%         1
 Jinxbite                 Hex            0%         N/A       99%         2
 Call Canine Familiar     Summ           0%         N/A       100%        3
 Frozen Ramparts          Ice            0%         1d1       100%        3
 Hailstorm                Conj/Ice       0%         3d5       100%        3
 Sigil of Binding         Hex            0%         N/A       100%        3
 Tukima's Dance           Hex            0%         N/A       100%        3
 Dimensional Bullseye     Hex/Tloc       0%         N/A       100%        4
 Passage of Golubria      Tloc           0%         N/A       100%        4
 Summon Blazeheart Golem  Fire/Summ      0%         N/A       100%        4
 Metabolic Englaciation   Hex/Ice        0%         N/A       100%        5
 Silence                  Hex/Air        0%         N/A       100%        5
 Yara's Violent Unravell  Hex/Alch       0%         3d3       100%        5


Dungeon Overview and Level Annotations

Branches:
Dungeon (5/15)
 Temple: D:4-7

Altars:


Innate Abilities, Weirdness & Mutations

You have a pair of horns on your head.
You reflexively headbutt those who attack you in melee.


Message History

The white imp hits you but does no damage.
You block the water moccasin's attack.
You hit the white imp but do no damage. You headbutt the white imp.
The white imp is almost dead.
You hit the water moccasin but do no damage.
You feel sick.
The water moccasin bites you but does no damage.
The white imp hits you but does no damage.
The water moccasin closely misses you.
You barely miss the white imp. Your headbutt misses the white imp.
The white imp is almost dead.
You barely miss the water moccasin.
You feel sick.
You are no longer poisoned.
The white imp gestures at you. The puff of frost hits you.
The water moccasin bites you but does no damage.
You miss the water moccasin.
The water moccasin is heavily wounded.
You closely miss the white imp. The water moccasin bites you!
The white imp disappears for a moment.
The white imp gestures at you. The puff of frost hits you.
* * * LOW HITPOINT WARNING * * *
There are monsters nearby!
The water moccasin barely misses you.
The white imp hits you but does no damage.
The water moccasin barely misses you.
You begin transforming.
You continue transforming.
The water moccasin barely misses you. The white imp gestures at you.
The puff of frost hits you!
* * * LOW HITPOINT WARNING * * *
You continue transforming.
The water moccasin bites you.
* * * LOW HITPOINT WARNING * * *
You are lethally poisoned!
The water moccasin poisons you! The white imp closely misses you.
The water moccasin bites you but does no damage.
You continue transforming.
You die...

### ##♣♣~♣♣####
##~~~~PP~#♣~♣♣♣♣♣ ###
###~~~~~~~♣♣♣♣~≈~~♣♣#..
#..P~~~~~P~~~~P~~~~~♣..
#.....@S...............
......♣~~~5~~~~~~~~~~~~~.~
....# #~~~~~~~~P~~≈~~~~~.~
... ##♣~~P~~~♣~~~~~~~~.~ .
.^♣♣~♣♣...♣♣♣♣~P≈.~
............ ♣♣~~.~
.............. ♣≈≈.≈
..............♣♣♣P~.~
♣~P~.~


You could see a water moccasin and a white imp.

Vanquished Creatures
  A black bear (D:3)
  2 phantoms (D:5)
  3 orc priests
  Terence (D:2)
  Jessica (D:2)
  An iguana (D:5)
  5 orc wizards
  Robin (D:3)
  7 adders
  A dart slug (D:1)
  A ribbon worm (D:2)
  6 orcs
  4 endoplasms
  A giant cockroach (D:2)
  14 goblins
  6 hobgoblins
  2 jackals (D:1)
  3 ball pythons
  6 bats
  2 frilled lizards (D:1)
  8 kobolds
  8 rats
84 creatures vanquished.

Vanquished Creatures (others)
  An orc wizard (D:5)
1 creature vanquished.

Grand Total: 85 creatures vanquished

Notes
Turn   | Place    | Note
-------+----------+-------------------------------------------
     0 | D:1      | Yoho the Minotaur Fighter began the quest for the Orb.
     0 | D:1      | Reached XP level 1. HP: 19/19 MP: 0/0
   146 | D:1      | Reached XP level 2. HP: 27/27 MP: 1/1
   411 | D:1      | Reached skill level 3 in Axes
   921 | D:2      | Reached XP level 3. HP: 33/33 MP: 2/2
   946 | D:2      | Noticed Terence
   964 | D:2      | Killed Terence
   965 | D:2      | Reached skill level 4 in Axes
  1126 | D:2      | Noticed Jessica
  1133 | D:2      | Reached XP level 4. HP: 39/40 MP: 3/3
  1162 | D:2      | Killed Jessica
  1163 | D:2      | Reached skill level 5 in Axes
  1692 | D:3      | Reached skill level 6 in Axes
  1692 | D:3      | Reached XP level 5. HP: 38/46 MP: 4/4
  1871 | D:3      | Noticed a black bear
  1884 | D:3      | Killed a black bear
  1885 | D:3      | Reached skill level 7 in Axes
  2241 | D:3      | Noticed Robin
  2250 | D:3      | Killed Robin
  2270 | D:3      | Reached XP level 6. HP: 37/52 MP: 5/5
  2483 | D:3      | Found a faded altar of an unknown god.
  2842 | D:4      | Reached skill level 8 in Axes
  3025 | D:4      | Got the Atlas of Scorched Glamour
  3290 | D:5      | Entered Level 5 of the Dungeon
  3424 | D:5      | Reached skill level 9 in Axes
  3424 | D:5      | Reached XP level 7. HP: 56/58 MP: 6/6
  3693 | D:5      | HP: 2/58 [water moccasin (3)]
  3694 | D:5      | Succumbed to a water moccasin's poison

Illustrated notes

Levels and vault maps discovered:
D:1:      ncdulo_smallfort, layout_rooms, st_stairs_11, chequers_jeans,
          minmay_parallelograms
D:2:      layout_rooms, hangedman_decor_clover_reticule, uniq_terence,
          uniq_jessica
D:3:      layout_loops_cross, hellmonk_ecumenical_altar_leap_of_faith,
          uniq_robin
D:4:      layout_loops_ring
D:5:      layout_rooms, serial_bayou, serial_bayou_pond_a, serial_bayou_lake_a,
          serial_bayou_pond_d, serial_bayou_lagoon_b, minmay_quadrilaterals,
          uniq_menkaure

Skill      XL: |  1  2  3  4  5  6 |
---------------+-------------------+-----
Axes           | 3 4 6 7 9 |  9.7
Fighting       | |  3.7
Armour         | |  3.9
Dodging        | |  0.2
Shields        | |  3.9

Action                     |  1- 3 |  4- 6 |  7- 9 || total
---------------------------+-------+-------+-------++-------
  Melee: War axe           |    71 |   111 |    34 ||   216
         Headbutt          |     6 |    15 |     6 ||    27
   Fire: Sling             |       |    14 |       ||    14
  Throw: Stone             |       |     3 |     3 ||     6
 Armour: Scale mail        |    49 |    67 |       ||   116
         Chain mail        |       |    19 |    37 ||    56
  Dodge: Dodged            |    20 |    55 |    13 ||    88
  Block: Buckler           |    19 |    26 |     5 ||    50
   Form: Serpent           |       |       |     1 ||     1

Table legend: (Time is in decaauts)
 A = Elapsed time spent in this place.
 B = Non-inter-level travel time spent in this place.
 C = Inter-level travel time spent in this place.
 D = Time resting spent in this place.
 E = Time spent auto-exploring this place.
 F = Levels seen in this place.
 G = Mean time per level.
                   A        B        C        D        E       F      G
               +--------+--------+--------+--------+--------+-----+--------+
         Total |   3760 |   3669 |     91 |    636 |   1760 |   5 |  752.0 |
       Dungeon |   3760 |   3669 |     91 |    636 |   1760 |   5 |  752.0 |
               +--------+--------+--------+--------+--------+-----+--------+

Top non-repeatable levels by time:
     D:1: 931 daAuts
     D:3: 904 daAuts
     D:2: 780 daAuts
     D:4: 725 daAuts
     D:5: 418 daAuts
